PAAA
BAKERSFIELD NOBLES @ GRYFINDOR BRAVES
07/18/2026
 
TOP OF THE 1ST
Bakersfield Nobles batting - Pitching for Gryfindor Braves : RHP Sid Brown
Pitching: RHP Sid Brown
Batting: RHB Seon-keun Kim 0-0: Ball
1-0: Called Strike
1-1: Foul Ball, location: 2F
1-2: Foul Ball, location: 2F
1-2: Strikes out swinging
Batting: RHB Joseph Papasogli 0-0: Ball
1-0: Ball
2-0: Ground out 5-3 (Groundball, 56)
Batting: LHB Pancho García 0-0: Ball
1-0: Called Strike
1-1: Ball
2-1: Foul Ball, location: 2F
2-2: Fly out, F7 (Line Drive, 7)
Top of the 1st over - 0 run(s), 0 hit(s), 0 error(s), 0 left on base; Bakersfield 0 - Gryfindor 0
BOTTOM OF THE 1ST
Gryfindor Braves batting - Pitching for Bakersfield Nobles : RHP Jesús Acosta
Pitching: RHP Jesús Acosta
Batting: LHB José Corona 0-0: Called Strike
0-1: Foul Ball, location: 2F
0-2: Foul Ball, location: 2F
0-2: Ball
1-2: Foul Ball, location: 2F
1-2: Ball
2-2: Fly out, F6 (Popup, 4MD)
Batting: RHB Jesús Cisneros 0-0: Ball
1-0: Ball
2-0: Called Strike
2-1: Called Strike
2-2: DOUBLE (Groundball, 5L)
Batting: SHB Salvador Trevino 0-0: Ball
1-0: Fly out, F8 (Flyball, 78S)
Batting: RHB Raúl Reyna 0-0: Ground out 6-3 (Groundball, 56D)
Bottom of the 1st over - 0 run(s), 1 hit(s), 0 error(s), 1 left on base; Bakersfield 0 - Gryfindor 0
TOP OF THE 2ND
Bakersfield Nobles batting - Pitching for Gryfindor Braves : RHP Sid Brown
Batting: LHB Jorge Alejándrez 0-0: Fly out, F5 (Popup, 5S)
Batting: RHB Alfredo García 0-0: Ball
1-0: Ball
2-0: Ball
3-0: Base on Balls
Batting: SHB Silas Floyd 0-0: Called Strike
0-1: Called Strike
0-2: Ball
1-2: Ball
2-2: Foul Ball, location: 2F
2-2: Foul Ball, location: 2F
2-2: Ball
Alfredo García is caught stealing 2nd base
3-2: Ground out 6-3 (Groundball, 6M)
Top of the 2nd over - 0 run(s), 0 hit(s), 0 error(s), 0 left on base; Bakersfield 0 - Gryfindor 0
BOTTOM OF THE 2ND
Gryfindor Braves batting - Pitching for Bakersfield Nobles : RHP Jesús Acosta
Batting: SHB Fernando Sánchez 0-0: Fly out, F9 (Flyball, 9S)
Batting: RHB Ernesto Souza 0-0: Ball
1-0: Foul Ball, location: 2F
1-1: Swinging Strike
1-2: Strikes out swinging
Batting: SHB Félix Cruz 0-0: Called Strike
0-1: Foul Ball, location: 2F
0-2: DOUBLE (Line Drive, 7LS)
Batting: SHB Emílio Gonzáles 0-0: Foul Ball, location: 2F
0-1: Ball
1-1: Foul Ball, location: 2F
1-2: Ball
2-2: Ball
3-2: Base on Balls
Batting: SHB Chris Murray 0-0: Ball
1-0: Ball
2-0: Called Strike
2-1: SINGLE (Line Drive, 34)
Félix Cruz to third
Emílio Gonzáles to second
Runner from 3rd tries for Home, SAFE, no throw
Batting: LHB José Corona 0-0: Ball
1-0: SINGLE (Groundball, 34S) (infield hit)
Emílio Gonzáles to third
Chris Murray to second
Batting: RHB Jesús Cisneros 0-0: Called Strike
0-1: Ball
1-1: Foul Ball, location: 2F
1-2: Ball
2-2: Strikes out looking
Bottom of the 2nd over - 1 run(s), 3 hit(s), 0 error(s), 3 left on base; Bakersfield 0 - Gryfindor 1
TOP OF THE 3RD
Bakersfield Nobles batting - Pitching for Gryfindor Braves : RHP Sid Brown
Batting: SHB Jorge Velázquez 0-0: Fly out, F9 (Flyball, 9D)
Batting: RHB Gerjan de Best 0-0: Called Strike
0-1: Foul Ball, location: 2F
0-2: Ball
1-2: Foul Ball, location: 2F
1-2: Ball
2-2: Ball
3-2: Fly out, F9 (Flyball, 9S)
Batting: RHB Mike Kelly 0-0: Called Strike
0-1: Swinging Strike
0-2: Strikes out looking
Top of the 3rd over - 0 run(s), 0 hit(s), 0 error(s), 0 left on base; Bakersfield 0 - Gryfindor 1
BOTTOM OF THE 3RD
Gryfindor Braves batting - Pitching for Bakersfield Nobles : RHP Jesús Acosta
Batting: SHB Salvador Trevino 0-0: Fly out, F9 (Flyball, 89M)
Batting: RHB Raúl Reyna 0-0: DOUBLE (Groundball, 5L)
Batting: SHB Fernando Sánchez 0-0: Fly out, F6 (Line Drive, 6M)
Lined into DP, U6 (Line Drive, 6M)
Bottom of the 3rd over - 0 run(s), 1 hit(s), 0 error(s), 0 left on base; Bakersfield 0 - Gryfindor 1
TOP OF THE 4TH
Bakersfield Nobles batting - Pitching for Gryfindor Braves : RHP Sid Brown
Batting: RHB Seon-keun Kim 0-0: Called Strike
0-1: Called Strike
0-2: Ball
1-2: Strikes out swinging
Batting: RHB Joseph Papasogli 0-0: Ball
1-0: Ball
2-0: Ground out 6-3 (Groundball, 56)
Batting: LHB Pancho García 0-0: Called Strike
0-1: Foul Ball, location: 2F
0-2: Fly out, F2 (Popup, 13S)
Top of the 4th over - 0 run(s), 0 hit(s), 0 error(s), 0 left on base; Bakersfield 0 - Gryfindor 1
BOTTOM OF THE 4TH
Gryfindor Braves batting - Pitching for Bakersfield Nobles : RHP Jesús Acosta
Batting: RHB Ernesto Souza 0-0: Called Strike
0-1: Ground out 5-3 (Groundball, 56)
Batting: SHB Félix Cruz 0-0: Ball
1-0: Fly out, F8 (Flyball, 8LD)
Batting: SHB Emílio Gonzáles 0-0: Ball
1-0: Ball
2-0: Called Strike
2-1: Ball
3-1: Fly out, F7 (Flyball, 7LSF)
Bottom of the 4th over - 0 run(s), 0 hit(s), 0 error(s), 0 left on base; Bakersfield 0 - Gryfindor 1
TOP OF THE 5TH
Bakersfield Nobles batting - Pitching for Gryfindor Braves : RHP Sid Brown
Batting: LHB Jorge Alejándrez 0-0: Called Strike
0-1: Ball
1-1: SINGLE (Line Drive, 89S)
Batting: RHB Alfredo García 0-0: Foul Ball, location: 2F
0-1: Swinging Strike
0-2: Ball
1-2: Ball
Jorge Alejándrez steals 2nd base
2-2: Ball
3-2: Strikes out looking
Batting: SHB Silas Floyd 0-0: Ball
1-0: Swinging Strike
1-1: Foul Ball, location: 2F
1-2: Fly out, F9 (Line Drive, 9)
Batting: SHB Jorge Velázquez 0-0: Called Strike
0-1: Ground out 6-3 (Groundball, 6)
Top of the 5th over - 0 run(s), 1 hit(s), 0 error(s), 1 left on base; Bakersfield 0 - Gryfindor 1
BOTTOM OF THE 5TH
Gryfindor Braves batting - Pitching for Bakersfield Nobles : RHP Jesús Acosta
Batting: SHB Chris Murray 0-0: Ball
1-0: Ball
2-0: Ball
3-0: Called Strike
3-1: Base on Balls
Batting: LHB José Corona 0-0: Called Strike
0-1: Sac Bunt - play at first, batter OUT! 1-3
Chris Murray to second
Batting: RHB Jesús Cisneros 0-0: Ball
1-0: Foul Ball, location: 2F
1-1: Swinging Strike
1-2: Strikes out swinging
Batting: SHB Salvador Trevino 0-0: Ball
1-0: Called Strike
1-1: Called Strike
1-2: Ball
2-2: Ball
3-2: Base on Balls
Batting: RHB Raúl Reyna 0-0: Ball
1-0: Called Strike
1-1: Ground out 1-3 (Groundball, 13)
Bottom of the 5th over - 0 run(s), 0 hit(s), 0 error(s), 2 left on base; Bakersfield 0 - Gryfindor 1
TOP OF THE 6TH
Bakersfield Nobles batting - Pitching for Gryfindor Braves : RHP Sid Brown
Batting: RHB Gerjan de Best 0-0: Ball
1-0: Called Strike
1-1: Called Strike
1-2: Strikes out swinging
Batting: RHB Mike Kelly 0-0: Foul Ball, location: 2F
0-1: Foul Ball, location: 2F
0-2: Ball
1-2: Ground out 6-3 (Groundball, 6M)
Batting: RHB Seon-keun Kim 0-0: Foul Ball, location: 2F
0-1: Called Strike
0-2: Ball
1-2: Ball
2-2: Ball
3-2: Fly out, F3 (Popup, 3D)
Top of the 6th over - 0 run(s), 0 hit(s), 0 error(s), 0 left on base; Bakersfield 0 - Gryfindor 1
BOTTOM OF THE 6TH
Gryfindor Braves batting - Pitching for Bakersfield Nobles : RHP Jesús Acosta
Batting: SHB Fernando Sánchez 0-0: Called Strike
0-1: Ground out U3 (Groundball, 34)
Batting: RHB Ernesto Souza 0-0: Foul Ball, location: 2F
0-1: SOLO HOME RUN (Flyball, 89XD), Distance : 421 ft
Batting: SHB Félix Cruz 0-0: Ball
1-0: Called Strike
1-1: Ball
2-1: DOUBLE (Line Drive, 9LM)
Batting: SHB Emílio Gonzáles 0-0: Ball
1-0: Called Strike
1-1: Ball
2-1: Foul Ball, location: 2F
2-2: Foul Ball, location: 2F
2-2: Ball
3-2: Foul Ball, location: 2F
3-2: Base on Balls
Batting: SHB Chris Murray 0-0: Ball
1-0: SINGLE (Groundball, 34D)
Félix Cruz to third
Emílio Gonzáles to second
Batting: LHB José Corona 0-0: Ball
1-0: Called Strike
1-1: Foul Ball, location: 2F
1-2: Grounds into fielders choice 3-2 (Groundball, 34)
Emílio Gonzáles to third
Chris Murray to second
Batting: RHB Jesús Cisneros 0-0: Foul Ball, location: 2F
0-1: Called Strike
0-2: Ball
1-2: Foul Ball, location: 2F
1-2: Ball
2-2: Ball
3-2: Base on Balls
Emílio Gonzáles scores
Chris Murray to third
José Corona to second
Batting: SHB Salvador Trevino 0-0: Called Strike
0-1: Foul Ball, location: 2F
0-2: Foul Ball, location: 2F
0-2: Foul Ball, location: 2F
0-2: Foul Ball, location: 2F
0-2: DOUBLE (Line Drive, 89D)
Chris Murray scores
José Corona scores
Jesús Cisneros to third
Pitching: LHP Bernie Sanders
Batting: RHB Raúl Reyna 0-0: Called Strike
0-1: Ground out 1-3 (Groundball, 13S)
Bottom of the 6th over - 4 run(s), 4 hit(s), 0 error(s), 2 left on base; Bakersfield 0 - Gryfindor 5
TOP OF THE 7TH
Bakersfield Nobles batting - Pitching for Gryfindor Braves : RHP Sid Brown
Batting: RHB Joseph Papasogli 0-0: Ball
1-0: Swinging Strike
1-1: Swinging Strike
1-2: Ground out 5-3 (Groundball, 25)
Batting: LHB Pancho García 0-0: Ball
1-0: Foul Ball, location: 2F
1-1: Ball
2-1: Ball
3-1: Swinging Strike
3-2: Base on Balls
Pitching: RHP Casey Dagher
Batting: LHB Jorge Alejándrez 0-0: Ball
1-0: Ball
2-0: Swinging Strike
2-1: Ball
3-1: Grounds into double play, 4-6-3 (Groundball, 4)
Top of the 7th over - 0 run(s), 0 hit(s), 0 error(s), 0 left on base; Bakersfield 0 - Gryfindor 5
BOTTOM OF THE 7TH
Gryfindor Braves batting - Pitching for Bakersfield Nobles : LHP Bernie Sanders
Batting: SHB Fernando Sánchez 0-0: Ball
1-0: Swinging Strike
1-1: Called Strike
1-2: Ball
2-2: Ball
3-2: Base on Balls
Batting: RHB Ernesto Souza 0-0: Called Strike
0-1: Swinging Strike
0-2: Hit by Pitch
Fernando Sánchez to second
Batting: SHB Félix Cruz 0-0: Ball
1-0: Grounds into double play, 5-4-3 (Groundball, 56)
Fernando Sánchez to third
Batting: SHB Emílio Gonzáles 0-0: Called Strike
0-1: Foul Ball, location: 2F
0-2: Ball
1-2: Strikes out looking
Bottom of the 7th over - 0 run(s), 0 hit(s), 0 error(s), 1 left on base; Bakersfield 0 - Gryfindor 5
TOP OF THE 8TH
Bakersfield Nobles batting - Pitching for Gryfindor Braves : RHP Casey Dagher
Batting: RHB Alfredo García 0-0: Called Strike
0-1: Ball
1-1: Ball
2-1: SINGLE (Line Drive, 89M)
Batting: SHB Silas Floyd 0-0: Ball
1-0: Ball
2-0: Foul Ball, location: 2F
2-1: Ball
3-1: Foul Ball, location: 2F
3-2: SINGLE (Line Drive, 9S)
Alfredo García to second
Alfredo García to third
Batting: SHB Jorge Velázquez 0-0: Ball
1-0: Ball
2-0: Ball
Wild Pitch!
Alfredo García scores
Silas Floyd to second
3-0: Called Strike
3-1: Foul Ball, location: 2F
3-2: Base on Balls
Pitching: RHP Juan Cantú
Batting: RHB Gerjan de Best 0-0: Foul Ball, location: 2F
0-1: Called Strike
0-2: Grounds into double play, 6-4-3 (Groundball, 6)
Silas Floyd to third
Batting: RHB Mike Kelly 0-0: Called Strike
0-1: Ball
1-1: Ball
2-1: Ball
3-1: Called Strike
3-2: Strikes out swinging
Top of the 8th over - 1 run(s), 2 hit(s), 0 error(s), 1 left on base; Bakersfield 1 - Gryfindor 5
BOTTOM OF THE 8TH
Gryfindor Braves batting - Pitching for Bakersfield Nobles : LHP Bernie Sanders
Batting: SHB Chris Murray 0-0: Fly out, F7 (Flyball, 7LM)
Batting: LHB José Corona 0-0: Ball
1-0: Foul Ball, location: 2F
1-1: Ball
2-1: Foul Ball, location: 2F
2-2: DOUBLE (Line Drive, 8LXD)
Batting: RHB Jesús Cisneros 0-0: Called Strike
0-1: Foul Ball, location: 2F
0-2: Ball
1-2: Ball
2-2: Ball
3-2: Foul Ball, location: 2F
3-2: Ground out 4-3 (Groundball, 4)
José Corona to third
Batting: SHB Salvador Trevino 0-0: Swinging Strike
0-1: Ball
Passed Ball!
José Corona scores
1-1: Ground out 1-3 (Groundball, 13S)
Bottom of the 8th over - 1 run(s), 1 hit(s), 0 error(s), 0 left on base; Bakersfield 1 - Gryfindor 6
TOP OF THE 9TH
Bakersfield Nobles batting - Pitching for Gryfindor Braves : RHP Juan Cantú
Pitching: LHP Jim Unknown
Batting: RHB Seon-keun Kim 0-0: Called Strike
0-1: SINGLE (Line Drive, 7LM)
Batting: RHB Joseph Papasogli 0-0: Foul Ball, location: 2F
0-1: Ball
1-1: Ball
2-1: SINGLE (Line Drive, 78S)
Seon-keun Kim to second
Batting: LHB Pancho García 0-0: Swinging Strike
0-1: Called Strike
0-2: Strikes out swinging
Batting: LHB Jorge Alejándrez 0-0: Foul Ball, location: 2F
0-1: Ball
1-1: Ball
2-1: Swinging Strike
2-2: SINGLE (Line Drive, 34)
Seon-keun Kim to third
Joseph Papasogli to second
Runner from 3rd tries for Home, SAFE, throw made home
Joseph Papasogli to third
Jorge Alejándrez to second
Batting: RHB Alfredo García 0-0: Ball
1-0: Ball
2-0: Called Strike
2-1: Foul Ball, location: 2F
2-2: Ball
3-2: Fly out, F3 (Line Drive, 34)
Batting: SHB Silas Floyd 0-0: Ball
1-0: Foul Ball, location: 2F
1-1: Ball
Balk!
Joseph Papasogli scores
Jorge Alejándrez to third
2-1: Foul Ball, location: 2F
2-2: Strikes out swinging
Top of the 9th over - 2 run(s), 3 hit(s), 0 error(s), 1 left on base; Bakersfield 3 - Gryfindor 6
Monday, March 20th, 2017 - OOTP Baseball 17.12 Build 75